 Dungeon Crawl Stone Soup version 0.23.2-33-g5129a83184 (webtiles) character file.

Game seed: 4174667173108960977

8434 microfolk the Spear-Bearer (level 11, -2/71 HPs)
             Began as an Octopode Ice Elementalist on July 9, 2019.
             Was an Initiate of Gozag.
             Slain by a porcupine (8 damage)
             ... on level 1 of the Lair of Beasts.
             The game lasted 01:10:48 (19868 turns).

microfolk the Spear-Bearer (OpIE)                  Turns: 19868, Time: 01:10:49

Health: -2/71      AC:  1    Str:  8    XL:     11   Next: 30%
Magic:  14/21      EV: 17    Int: 27    God:    Gozag
Gold:   1195       SH:  0    Dex: 12    Spells: 9/24 levels left

rFire    . . .     SeeInvis .   a - +1 trident
rCold    . . .     Gourm    .   (no shield)
rNeg     . . .     Faith    .   (helmet restricted)
rPois    .         Spirit   .   (no amulet)
rElec    .         Reflect  .   c - +4 ring of intelligence
rCorr    .         Harm     .   d - +2 ring of intelligence
MR       .....                  M - ring of stealth
Stlth    +++++.....             (no ring)
HPRegen  0.21/turn              (no ring)
MPRegen  0.17/turn              (no ring)
                                (no ring)
                                (no ring)

@: no status effects
A: almost no armour, stealthy swim, amphibious, 8 rings, constrict 8, camouflage
1, gelatinous body 1
a: Potion Petition, Call Merchant, Bribe Branch, Renounce Religion


You were on level 1 of the Lair of Beasts.
You worshipped Gozag.
Gozag was most pleased with you.
You were not hungry.

You visited 3 branches of the dungeon, and saw 13 of its levels.

You collected 2853 gold pieces.
You spent 248 gold pieces at shops.
You paid 1410 gold pieces to Gozag.

Inventory:

Hand Weapons
 a - a +1 trident (weapon)
 b - a +0 blowgun
 y - a +0 dagger of draining
Missiles
 g - 25 poisoned needles
 k - 163 sling bullets
 l - 355 stones (quivered)
 s - 2 throwing nets
 x - 7 needles of sleeping
 N - 3 curare-tipped needles
Armour
 f - a +1 large shield
Jewellery
 c - a +4 ring of intelligence (left tentacle)
 d - a +2 ring of intelligence (right tentacle)
 M - a ring of stealth (on tentacle)
Wands
 j - a wand of random effects (34)
 A - a wand of polymorph (21)
 B - a wand of scattershot (5)
 K - a wand of enslavement (8)
Scrolls
 e - a scroll of amnesia {unknown}
 i - 3 scrolls of teleportation
 m - 2 scrolls of fog {unknown}
 n - 4 scrolls of remove curse {@r2}
 p - a scroll of enchant weapon
 q - 2 scrolls of magic mapping
 t - 4 scrolls of blinking
 z - a scroll of enchant armour
 G - a scroll of fear {unknown}
 O - a scroll of immolation {unknown}
Potions
 h - 5 potions of brilliance
 o - 4 potions of might
 r - 2 potions of ambrosia
 u - a potion of invisibility {unknown}
 v - a potion of magic
 w - 3 potions of curing {@q1}
 C - 3 potions of haste
 D - 3 potions of agility
 E - a potion of mutation {unknown}
 F - 2 potions of lignification {unknown}
 H - 3 potions of flight
 I - 3 potions of heal wounds {@q2}
 J - a potion of cancellation {unknown}
Comestibles
 L - 5 rations


   Skills:
 - Level 5.0 Fighting
 + Level 8.5 Polearms
 - Level 8.0 Dodging
 - Level 6.0 Stealth
 * Level 7.3 Spellcasting
 - Level 1.0 Conjurations
 - Level 3.0 Hexes
 - Level 3.0 Charms
 - Level 4.0 Summonings
 - Level 6.0 Ice Magic


You had 9 spell levels left.
You knew the following spells:

 Your Spells              Type           Power        Failure   Level  Hunger
a - Freeze                Ice            ####         1%          1    None
b - Throw Frost           Conj/Ice       ####..       1%          2    None
c - Summon Ice Beast      Ice/Summ       #####...     7%          4    ##.....
d - Ozocubu's Armour      Chrm/Ice       ####....     2%          3    None
e - Spectral Weapon       Hex/Chrm       ####....     4%          3    None
f - Summon Butterflies    Summ           ####....     1%          1    None
g - Apportation           Tloc           #.....       6%          1    None

Your spell library contained the following spells:

 Spells                   Type           Power        Failure   Level  Hunger
 Infusion                 Chrm           ####         1%          1    None
 Song of Slaying          Chrm           ####....     2%          2    None
 Shroud of Golubria       Chrm/Tloc      ###.......   4%          2    None
 Tukima's Dance           Hex            ####....     4%          3    None
 Beastly Appendage        Tmut           #.....       6%          1    None
 Sticks to Snakes         Tmut           #.......     9%          2    None
 Regeneration             Chrm/Necr      ###.......   9%          3    None
 Throw Icicle             Conj/Ice       ####....     13%         4    ##.....
 Lesser Beckoning         Tloc           #.........   17%         3    None
 Spider Form              Tmut/Pois      #.........   17%         3    None
 Ice Form                 Ice/Tmut       ####....     17%         4    ##.....
 Alistair's Intoxication  Tmut/Pois      #.......     85%         5    #####..
 Blade Hands              Tmut           #.........   85%         5    #####..
 Invisibility             Hex            ####....     94%         6    ######.


Dungeon Overview and Level Annotations

Branches:
Dungeon (11/15)            Temple (1/1) D:5            Lair (1/6) D:11
    Orc (0/2) D:11

Altars:
Cheibriados
Dithmenos
Elyvilon
Fedhas
Gozag
Hepliaklqana
Kikubaaqudgha
Makhleb
Nemelex Xobeh
Okawaru
Ru
Sif Muna
Trog
Uskayaw
Vehumet
Wu Jian
Zin

Shops:
D:8 =   D:10 %

Portals:
Trove: D:10 (show abyssal rune of Zot)

Annotations:
D:4 Natasha
D:7 1 runed translucent door, exclusion: downstairs, Crazy Yiuf


Innate Abilities, Weirdness & Mutations

You cannot wear most types of armour.
You are very stealthy in the water. (Stealth+)
You are amphibious.
You can wear up to eight rings at the same time.
You can use your tentacles to constrict eight enemies at once.
Your skin changes colour to match your surroundings (Stealth+).
Your rubbery body absorbs attacks. (AC +1, EV +1)


Message History

You are struck by the porcupine's spines.
* * * LOW HITPOINT WARNING * * *
You hit the porcupine but do no damage. Your squeeze misses the porcupine.
The porcupine is heavily wounded.
Your spectral weapon hits the porcupine from afar.
The porcupine closely misses you.
You are struck by the porcupine's spines.
* * * LOW HITPOINT WARNING * * *
You closely miss the porcupine.
The porcupine is severely wounded.
Your spectral weapon hits the porcupine from afar.
The porcupine barely misses you.
You are struck by the porcupine's spines.
* * * LOW HITPOINT WARNING * * *
You closely miss the porcupine.
The porcupine is almost dead.
Your spectral weapon misses the porcupine.
The porcupine bites you!
You die...
Your body crumbles into a pile of gold.

.<.#...##
#...####.....
......P#
##........#
......##
##.....#.#
.......#
##...##
.......#
#..#### #
........#
##.##.#.#
........#
#.....##..
........#
###.........
^.......#
#.#r@#.....
.....>.
#.(###....
#####. #....#
....
......#......
....P##........
....##
#...#.... ...#
#...##... ..#
..... #.. ..
..##.. #.


You could see a porcupine and a friendly spectral +1 trident.

Vanquished Creatures
  A centaur zombie (D:6)
  A spiny frog (Lair:1)
  Grinder (D:5)
  A basilisk (D:9)
  6 yaks
  A hungry ghost (D:9)
  A soldier ant (D:11)
  A water moccasin (Lair:1)
  An orc warrior (D:10)
  An ice beast (D:9)
  A sky beast (D:6)
  2 bullfrogs
  2 scorpions
  A killer bee (D:11)
  4 wights (D:10)
  4 howler monkeys
  5 crimson imps
  2 centaur skeletons (D:4)
  A jelly (D:6)
  9 orc priests
  2 hounds
  6 orc wizards
  2 bullfrog skeletons
  Natasha (D:4)
  3 iguanas
  A worker ant (D:9)
  A hound skeleton (D:4)
  10 adders
  5 shadow imps
  An adder zombie (D:5)
  An ooze (D:5)
  An adder skeleton (D:9)
  A worm (D:2)
  3 dart slugs
  5 leopard geckos
  40 orcs
  7 giant cockroaches
  6 goblins
  11 hobgoblins
  10 jackals
  7 quokkas
  A ball python (D:2)
  9 bats
  4 frilled lizards
  12 kobolds
  A quokka zombie (D:9)
  7 rats
  A fungus (D:7)
205 creatures vanquished.

Vanquished Creatures (collateral kills)
  A two-headed ogre (D:9)
  Pikel (D:8)
  A deep elf mage (D:9)
  Psyche (D:8)
  A gargoyle (D:6)
  2 komodo dragons (D:7)
  2 hippogriffs
  2 wraiths
  A spriggan (D:7)
  13 yaks
  A hungry ghost (D:9)
  4 slaves (D:8)
  4 black bears
  A sky beast (D:6)
  5 orc warriors
  3 ogres
  A phantom (D:9)
  A necrophage (D:9)
  4 centaurs
  A crocodile (Lair:1)
  2 big kobolds
  4 bullfrogs
  A wyvern skeleton (D:9)
  15 killer bees
  A wight (D:10)
  A centaur zombie (D:9)
  A quasit (D:7)
  2 orc priests
  A hound (D:8)
  A gnoll shaman (D:6)
  8 orc wizards
  3 bullfrog skeletons
  2 iguanas (D:9)
  3 worker ants
  A killer bee zombie (D:8)
  A hound skeleton (D:8)
  12 gnolls
  2 adders
  A leopard gecko (D:8)
  19 orcs
  A frilled lizard (D:5)
  9 kobolds
141 creatures vanquished.

Vanquished Creatures (others)
  2 spectral weapons (Lair:1)
2 creatures vanquished.

Grand Total: 348 creatures vanquished

Notes
Turn   | Place    | Note
-------+----------+-------------------------------------------
     0 | D:1      | microfolk the Octopode Ice Elementalist began the quest for
                  | the Orb.
     0 | D:1      | Reached XP level 1. HP: 11/11 MP: 3/3
   302 | D:1      | Reached XP level 2. HP: 17/17 MP: 1/5
   910 | D:1      | Reached XP level 3. HP: 15/21 MP: 3/6
  1271 | D:1      | Learned a level 2 spell: Throw Frost
  2070 | D:2      | Found a glowing silver altar of Zin.
  2315 | D:2      | Found a faded altar of an unknown god.
  2584 | D:2      | Reached XP level 4. HP: 24/27 MP: 5/7
  2621 | D:2      | Learned a level 4 spell: Summon Ice Beast
  3322 | D:3      | Reached skill level 1 in Summonings
  4159 | D:3      | Reached XP level 5. HP: 31/31 MP: 5/8
  4722 | D:4      | Found an opulent altar of Gozag.
  4725 | D:4      | Became a worshipper of Gozag Ym Sagoz the Greedy
  5519 | D:4      | Reached XP level 6. HP: 33/36 MP: 7/9
  5549 | D:4      | Reached skill level 5 in Stealth
  6075 | D:4      | Found a sacrificial altar of Ru.
  6412 | D:4      | Noticed Natasha
  6419 | D:4      | Killed Natasha
  6623 | D:4      | Noticed Natasha
  6646 | D:5      | Entered Level 5 of the Dungeon
  6659 | D:5      | Noticed a black bear
  6826 | D:5      | Found a staircase to the Ecumenical Temple.
  6831 | Temple   | Entered the Ecumenical Temple
  6960 | D:5      | Killed a black bear
  6960 | D:5      | Reached XP level 7. HP: 41/41 MP: 3/11
  7591 | D:5      | Found a white marble altar of Elyvilon.
  8119 | D:5      | Noticed Grinder
  8160 | D:5      | Paralysed by Grinder for 4 turns
  8166 | D:5      | Killed Grinder
  8708 | D:6      | Reached XP level 8. HP: 38/46 MP: 6/14
  8719 | D:6      | Found an ornate altar of the Wu Jian Council.
  8785 | D:6      | Noticed a gargoyle
  9065 | D:6      | Reached skill level 5 in Dodging
  9077 | D:6      | Reached skill level 5 in Spellcasting
  9318 | D:6      | Found an ancient bone altar of Kikubaaqudgha.
  9365 | D:6      | Found an ornate altar of the Wu Jian Council.
  9917 | D:6      | Noticed a yak
  9945 | D:6      | Killed a yak
 10174 | D:7      | Noticed a spriggan baker
 10211 | D:7      | Killed a spriggan baker
 10382 | D:7      | Reached skill level 1 in Polearms
 10482 | D:7      | Found a shadowy altar of Dithmenos.
 10972 | D:7      | Noticed a komodo dragon
 11014 | D:7      | Killed a komodo dragon
 11014 | D:7      | Reached XP level 9. HP: 30/51 MP: 11/18
 11278 | D:7      | Found a hazy altar of Hepliaklqana.
 11282 | D:7      | Found a hide-covered altar of Uskayaw.
 11287 | D:7      | Found a deep blue altar of Sif Muna.
 11370 | D:7      | Found an iron altar of Okawaru.
 11414 | D:7      | Found a radiant altar of Vehumet.
 11414 | D:7      | Noticed a komodo dragon
 11590 | D:8      | Reached skill level 5 in Ice Magic
 11682 | D:8      | Noticed Pikel
 11700 | D:8      | Killed Pikel
 11859 | D:8      | Noticed Psyche
 11985 | D:8      | Killed Psyche
 11985 | D:8      | Reached skill level 5 in Polearms
 12370 | D:8      | Bought a cursed -3 ring of slaying for 28 gold pieces
 12661 | D:8      | Found a bloodstained altar of Trog.
 12666 | D:8      | Learned a level 3 spell: Ozocubu's Armour
 12677 | D:8      | Found a snail-covered altar of Cheibriados.
 13097 | D:9      | Found a blossoming altar of Fedhas.
 13296 | D:9      | Reached skill level 1 in Fighting
 13333 | D:9      | Reached XP level 10. HP: 58/58 MP: 5/19
 13995 | D:9      | Learned a level 3 spell: Spectral Weapon
 14246 | D:9      | Noticed a two-headed ogre
 14659 | D:10     | Entered Level 10 of the Dungeon
 15874 | D:10     | Learned a level 1 spell: Summon Butterflies
 15876 | D:10     | Learned a level 1 spell: Apportation
 16503 | D:10     | Found a portal to a secret trove of treasure.
 16821 | D:7      | Found a burning altar of Makhleb.
 16977 | D:7      | Found a runed translucent door.
 16978 | D:7      | Noticed Crazy Yiuf
 17154 | D:6      | Killed a gargoyle
 17154 | D:6      | Reached skill level 5 in Fighting
 17178 | D:6      | Reached skill level 1 in Hexes
 17178 | D:6      | Reached skill level 1 in Charms
 17390 | D:9      | Killed a two-headed ogre
 17412 | D:9      | Noticed a deep elf mage
 17420 | D:9      | Killed a deep elf mage
 17950 | D:11     | Found a staircase to the Lair.
 17971 | D:11     | Reached XP level 11. HP: 71/71 MP: 10/20
 19013 | D:11     | Found a staircase to the Orcish Mines.
 19409 | D:10     | Bought a ration for 55 gold pieces
 19409 | D:10     | Bought a ration for 55 gold pieces
 19409 | D:10     | Bought a ration for 55 gold pieces
 19409 | D:10     | Bought a ration for 55 gold pieces
 19434 | Lair:1   | Entered Level 1 of the Lair of Beasts
 19868 | Lair:1   | Slain by a porcupine

Skill      XL: |  1  2  3  4  5  6  7  8  9 10 11 |
---------------+----------------------------------+-----
Stealth        | 3 4 5 6 |  6.0
Ice Magic      | 4 6 |  6.0
Summonings     | 1 3 4 |  4.0
Dodging        | 3 4 6 7 8 |  8.0
Spellcasting   | 4 6 7 |  7.3
Polearms       | 2 6 8 |  8.5
Fighting       | 1 5 |  5.0
Hexes          | 2 3 |  3.0
Charms         | 2 3 |  3.0
Conjurations   | |  1.0

Action                   |  1- 3 |  4- 6 |  7- 9 | 10-12 || total
-------------------------+-------+-------+-------+-------++-------
Melee: Unarmed           |    10 |       |       |       ||    10
       Constrict         |     9 |    12 |    32 |    34 ||    87
       Dagger            |    10 |    71 |   144 |       ||   225
       Short sword       |     7 |       |       |       ||     7
       Tentacles         |     3 |    10 |    19 |    28 ||    60
       Trident           |       |       |    16 |   275 ||   291
Throw: Stone             |    56 |    36 |    18 |    12 ||   122
 Cast: Freeze            |    46 |    19 |    23 |    13 ||   101
       Throw Frost       |     4 |    30 |    48 |    36 ||   118
       Summon Ice Beast  |       |     1 |    61 |    83 ||   145
       Spectral Weapon   |       |       |       |     8 ||     8
Invok: Potion Petition   |       |       |     1 |       ||     1
       Call Merchant     |       |       |     1 |     1 ||     2
  Use: Scroll            |       |     8 |     8 |     5 ||    21
       Potion            |       |       |     1 |       ||     1
 Stab: Sleeping          |    13 |     7 |     2 |     4 ||    26
       Distracted        |       |       |     1 |     2 ||     3
  Eat: Chunk             |     6 |     9 |       |       ||    15
       Ration            |       |     2 |     7 |     9 ||    18
Armor: Skin              |     3 |     4 |     8 |     4 ||    19
Dodge: Dodged            |    26 |    41 |   157 |   117 ||   341
